 Dungeon Sprint DCSS version 0.30-a0-54-g2e61a25929 (webtiles) character file.

Game seed: 12334739878854592502

4447 Ankalagon the Bludgeoner (level 10, -4/65 HPs)
             Began as a Gargoyle Fighter on Sept 8, 2022.
             Was an Initiate of Gozag.
             Slain by a manticore (6 damage)
             ... in the Dungeon (Sprint II: "The Violet Keep of Menkaure").
             The game lasted 00:04:11 (1110 turns).

Ankalagon the Bludgeoner (Gargoyle Fighter)         Turns: 1110, Time: 00:04:12

Health: -4/65      AC: 22    Str: 21    XL:     10   Next: 37%
Magic:  10/10      EV: 11    Int:  8    God:    Gozag
Gold:   1338       SH:  7    Dex: 11    Spells: 9/9 levels left

rFire   . . .      SeeInvis .    d - +2 morningstar (protect)
rCold   . . .      Faith    .    c - +0 buckler
rNeg    + . .      Spirit   .    b - +0 scale mail
rPois   ∞          Reflect  .    (no helmet)
rElec   +          Harm     .    (no cloak)
rCorr   .          Rampage  .    (no gloves)
Will    .....      Rage     3%   (no boots)
Stlth   .......... NoTele   +    (no amulet)
HPRegen 0.20/turn                (no ring)
MPRegen 0.12/turn                (no ring)

@: gold aura, under a protective aura, hasted, very quick
A: sickness immunity, AC +7, negative energy resistance 1, electricity
resistance, torment resistance 1, petrification resistance, berserk 1, clumsy 1
a: Renounce Religion, Potion Petition, Call Merchant, Bribe Branch


You were in the Dungeon.
You worshipped Gozag.
Gozag was most pleased with you.
You visited 1 branch You collected 1492 gold pieces.
You spent 154 gold pieces at shops.

Inventory:

Hand Weapons
 a - a +0 flail
 d - a +2 morningstar of protection (weapon)
Armour
 b - a +0 scale mail (worn)
 c - a +0 buckler (worn)
Potions
 h - 2 potions of magic


   Skills:
 + Level 8.7 Fighting
 + Level 15.6 Maces & Flails
 + Level 8.7 Armour
 + Level 6.0 Dodging
 - Level 15.0 Shields


You had 9 spell levels left.
You didn't know any spells.
Your spell library was empty.

Dungeon Overview and Level Annotations

Branches:
Dungeon (1/1)

Altars:
Cheibriados
Dithmenos
Elyvilon
Fedhas
Gozag
Hepliaklqana
Kikubaaqudgha
Makhleb
Nemelex Xobeh
Okawaru
Qazlal
Ru
Sif Muna
Trog
Uskayaw
Vehumet
Wu Jian
Xom
Yredelemnul
Zin
The Shining One
Jiyva
Lugonu

Shops:
D ::[!?![([:=?:=?

Annotations:
D exclusion: oklob plant, Roxanne


Innate Abilities, Weirdness & Mutations

You are immune to sickness and miasma.
Your stone body is resilient. (AC +7)
You are immune to poison.
You resist negative energy. (rN+)
You are resistant to electric shocks. (rElec)
You are resistant to unholy torment.
You are immune to petrification.
You sometimes lose your temper in combat.
You are clumsy. (Dex -2)


Message History

The manticore is almost dead.
The yak bellows!
You impale the manticore!!
You kill the manticore!
The manticore is distracted by your dazzling golden aura.
Your Dodging skill increases to level 6!
You hit the manticore but do no damage.
The manticore is no longer distracted by gold.
You thump the manticore!
The manticore is lightly wounded.
The yak is distracted by your dazzling golden aura.
The manticore completely misses you.
The manticore claws you but does no damage.
The manticore misses you.
The yak bellows!
You sock the manticore!
The manticore is moderately wounded.
You barely miss the manticore.
The manticore is moderately wounded.
The yak is no longer distracted by gold.
The wyvern is distracted by your dazzling golden aura.
The manticore bites you but does no damage.
The manticore closely misses you. The manticore completely misses you.
You sock the manticore!
The manticore is heavily wounded.
You hit the manticore but do no damage.
The manticore is heavily wounded.
The wyvern is no longer distracted by gold.
The yak is distracted by your dazzling golden aura.
The manticore bites you!
* * * LOW HITPOINT WARNING * * *
The manticore misses you.
The manticore claws you but does no damage.
You hit the manticore.
The manticore is severely wounded.
You sock the manticore!
The manticore is almost dead.
You block the manticore's attack. The manticore claws you.
You die...
Your body crumbles into a pile of gold.

$ $ ..~## ≈≈
############~~#+++#+++#
###########~~~.........
##.....∩.∩#~~~~.##+## $
##....∩.∩.#~~~~###..## ###
##...∩....#~~~~#.##..# ...
##..∩.∩...#~~####.#.####..
##.⌠.∩....#~##.###'###.##.
##..∩.∩..@#~#..###.##...#.
##...∩.∩.$H~'.##'.<.')#.+.
##....∩.∩.#~#.#.##.##...#.
#▓▓▓▓▓▓▓###~##.###'###.##.
##YYl######~~####...####~§
#?Yl#G$ ##~~~#..#..#~§§~
#∩Pl+. #'#~##.#.##~~~~
#[..#?# #.#~~##+##~~~§≈
#?$. ## ####~~~~~~~~~~≈


You could see an oklob plant, a manticore, 3 yaks and 3 wyverns.

Vanquished Creatures
  Kirke (D)
  A centaur warrior (D)
  A skeletal warrior (D)
  2 manticores (D)
  A merfolk siren (D)
  A blink frog (D)
  Menkaure (D)
  4 neqoxecs (D)
  2 water moccasins (D)
  4 necrophages (D)
  3 worms (D)
21 creatures vanquished.

Notes
Turn   | Place    | Note
-------+----------+-------------------------------------------
     0 | D        | Ankalagon the Gargoyle Fighter began the quest for the Orb.
     0 | D        | Reached XP level 1. HP: 14/14 MP: 1/1
     1 | D        | Noticed a necrophage
     1 | D        | Noticed a necrophage
     1 | D        | Noticed a necrophage
     1 | D        | Noticed a necrophage
     7 | D        | Killed a necrophage
     8 | D        | Reached skill level 5 in Maces & Flails
     8 | D        | Reached XP level 2. HP: 19/19 MP: 2/2
     8 | D        | Reached XP level 3. HP: 23/23 MP: 3/3
     9 | D        | Killed a necrophage
    10 | D        | Reached XP level 4. HP: 28/28 MP: 4/4
    10 | D        | Reached XP level 5. HP: 32/32 MP: 5/5
    17 | D        | Reached XP level 6. HP: 37/37 MP: 6/6
    22 | D        | Identified Roxanne's Codex of Bedrock
    22 | D        | Noticed Roxanne
    31 | D        | Noticed Menkaure
    31 | D        | Noticed a water moccasin
    52 | D        | Killed a water moccasin
    53 | D        | Reached skill level 10 in Shields
    58 | D        | Killed Menkaure
    59 | D        | Reached skill level 10 in Maces & Flails
    59 | D        | Reached XP level 7. HP: 15/41 MP: 7/7
    66 | D        | Found a glowing golden altar of the Shining One.
    66 | D        | Found an ornate altar of the Wu Jian Council.
    66 | D        | Found a stormy altar of Qazlal.
    67 | D        | Found a shimmering altar of Xom.
    67 | D        | Found a sacrificial altar of Ru.
    67 | D        | Found a hazy altar of Hepliaklqana.
    68 | D        | Found a basalt altar of Yredelemnul.
    68 | D        | Found a shimmering blue altar of Sif Muna.
    68 | D        | Found a viscous altar of Jiyva.
    69 | D        | Found a glowing silver altar of Zin.
    69 | D        | Found a bloodstained altar of Trog.
    69 | D        | Found an ancient bone altar of Kikubaaqudgha.
    69 | D        | Found a snail-covered altar of Cheibriados.
    70 | D        | Found a hide-covered altar of Uskayaw.
    70 | D        | Found a corrupted altar of Lugonu.
    70 | D        | Found a shadowy altar of Dithmenos.
    71 | D        | Found a radiant altar of Vehumet.
    71 | D        | Found a burning altar of Makhleb.
    71 | D        | Found a white marble altar of Elyvilon.
    73 | D        | Found a sparkling altar of Nemelex Xobeh.
    73 | D        | Found a blossoming altar of Fedhas.
    75 | D        | Found an iron altar of Okawaru.
    75 | D        | Found an opulent altar of Gozag.
    83 | D        | Became a worshipper of Gozag Ym Sagoz the Greedy
   288 | D        | Noticed a merfolk siren
   312 | D        | Killed a merfolk siren
   535 | D        | Noticed a neqoxec
   538 | D        | Noticed a neqoxec
   542 | D        | Gained mutation: You sometimes lose your temper in combat.
                  | [a neqoxec]
   552 | D        | Gained mutation: You are clumsy. (Dex -2) [a neqoxec]
   558 | D        | Killed a neqoxec
   559 | D        | Reached XP level 8. HP: 10/46 MP: 8/8
   570 | D        | Found Qifeluy's Book Shoppe.
   571 | D        | Found Kon Xob's Magic Scroll Shoppe.
   571 | D        | Found Duyroapn's Antique Armour Emporium.
   571 | D        | Found Tahiete's Antique Weapon Shoppe.
   571 | D        | Found Lupsei's Antique Armour Emporium.
   571 | D        | Found Maliogem's Magic Scroll Shoppe.
   571 | D        | Found Yvuhiycs's Jewellery Emporium.
   575 | D        | Found Yjaemer's Jewellery Emporium.
   575 | D        | Found Ycril's Book Shoppe.
   580 | D        | Found Azxadeor's Distillery.
   580 | D        | Found Gouduy's Magic Scroll Shoppe.
   580 | D        | Found Ishredgh's Distillery.
   592 | D        | Found Woenar's Antique Armour Shoppe.
   592 | D        | Found Wemutz's Book Emporium.
   592 | D        | Noticed a yak
   592 | D        | Noticed a yak
   597 | D        | Noticed an oklob plant
   597 | D        | Noticed a wyvern
   597 | D        | Noticed a wyvern
   598 | D        | Noticed a yak
   611 | D        | Noticed a blink frog
   613 | D        | HP: 1/46 [blink frog (7)]
   915 | D        | Noticed a wyvern
   918 | D        | Found Arrentec's Book Shoppe.
   929 | D        | Killed a blink frog
   930 | D        | Reached skill level 15 in Shields
   937 | D        | Noticed a shining eye
   937 | D        | Noticed a shining eye
   943 | D        | Bought a glowing morningstar for 154 gold pieces
  1045 | D        | Noticed a centaur warrior
  1045 | D        | Noticed Kirke
  1045 | D        | Noticed a skeletal warrior
  1066 | D        | Noticed a manticore
  1073 | D        | Noticed a manticore
  1077 | D        | Killed Kirke
  1077 | D        | Noticed a manticore
  1078 | D        | Reached XP level 9. HP: 23/55 MP: 9/9
  1078 | D        | Killed a centaur warrior
  1079 | D        | Reached skill level 15 in Maces & Flails
  1092 | D        | Killed a skeletal warrior
  1093 | D        | Reached skill level 5 in Dodging
  1093 | D        | Reached XP level 10. HP: 18/64 MP: 10/10
  1097 | D        | Killed a manticore
  1102 | D        | Killed a manticore
  1108 | D        | HP: 2/65 [manticore (16)]
  1110 | D        | Slain by a manticore

Illustrated notes

Levels and vault maps discovered:
D:        the_violet_keep_of_menkaure [sprint2_stairs_cluster_1,
          sprint2_shoproom, sprint2_temple, sprint2_basic_supplies,
          sprint2_obstacle_6, sprint2_obstacle_1, sprint2_obstacle_7,
          sprint2_obstacle_3, sprint2_obstacle_5, sprint2_timed_cluster_1,
          sprint2_smallroom_cluster_1, sprint2_smallroom_final_cluster_1,
          sprint2_transparent_cluster_1, sprint2_second_timed_cluster_1,
          sprint2_sniper_area_1, sprint2_heavy_combat_area_1,
          sprint2_mutation_trap_area_1, sprint2_forest_area_1,
          sprint2_light_combat_area_1, sprint2_behind_water_1,
          sprint2_near_end_vault_1]

Skill      XL: |  1  2  3  4  5  6  7  8  9 10 |
---------------+-------------------------------+-----
Maces & Flails | 5 6 8 10 12 14 15 | 15.6
Shields        | 6 8 9 11 13 15 | 15.0
Fighting       | 6 7 8 |  8.7
Armour         | 6 7 8 |  8.7
Dodging        | 3 5 6 |  6.0

Action                   |  1- 3 |  4- 6 |  7- 9 | 10-12 || total
-------------------------+-------+-------+-------+-------++-------
Melee: Flail             |     6 |    30 |    77 |       ||   113
       Morningstar       |       |       |    37 |    18 ||    55
  Use: Potion            |     1 |     1 |     3 |       ||     5
       Scroll            |       |       |     1 |       ||     1
 Stab: Distracted        |       |       |     1 |       ||     1
Armor: Scale mail        |     1 |    10 |    20 |     5 ||    36
Dodge: Dodged            |     1 |    12 |    20 |     7 ||    40
Block: Buckler           |     1 |     8 |    13 |     1 ||    23

Table legend: (Time is in decaauts)
 A = Elapsed time spent in this place.
 B = Non-inter-level travel time spent in this place.
 C = Inter-level travel time spent in this place.
 D = Time resting spent in this place.
 E = Time spent auto-exploring this place.
 F = Levels seen in this place.
 G = Mean time per level.
                   A        B        C        D        E       F      G
               +--------+--------+--------+--------+--------+-----+--------+
         Total |   1106 |   1106 |      0 |    652 |     93 |   1 | 1106.0 |
       Dungeon |   1106 |   1106 |      0 |    652 |     93 |   1 | 1106.0 |
               +--------+--------+--------+--------+--------+-----+--------+

Top non-repeatable levels by time:
       D: 1106 daAuts
